 Dungeon Crawl Stone Soup version 0.28.0 (webtiles) character file.

Game seed: 9202843161998193163

3368 issech the Basher (level 9, 0/79 HPs)
             Began as a Troll Monk on Feb 17, 2022.
             Was a Believer of Hepliaklqana.
             Slain by a killer bee (3 damage)
             ... on level 8 of the Dungeon.
             The game lasted 00:36:14 (8157 turns).

issech the Basher (Troll Monk)                      Turns: 8157, Time: 00:36:15

Health: 0/79       AC:  5    Str: 21    XL:     9   Next: 73%
Magic:  8/8        EV: 16    Int:  6    God:    Hepliaklqana [**....]
Gold:   398        SH:  0    Dex: 16    Spells: 8/8 levels left

rFire   . . .      SeeInvis +   s - +0 giant club
rCold   . . .      Faith    .   (shield currently unavailable)
rNeg    . . .      Spirit   .   b - +0 robe
rPois   .          Reflect  .   x - +1 hat
rElec   .          Harm     .   (no cloak)
rCorr   .          Rampage  .   (gloves unavailable)
Will    .....                   (boots unavailable)
Stlth   ++........              (no amulet)
HPRegen 1.03/turn               r - ring of see invisible
MPRegen 0.11/turn               H - +4 ring of evasion

@: marked
A: reduced essence, large, unfitting armour, claws 3, regeneration 1, shaggy fur
1, tough skin 1
a: Renounce Religion, Recall Ancestor, Ancestor Identity


You were on level 8 of the Dungeon.
You worshipped Hepliaklqana.
Hepliaklqana was pleased with you.
You visited 2 branches of the dungeon, and saw 10 of its levels.

You collected 438 gold pieces.
You spent 40 gold pieces at shops.

Inventory:

Hand Weapons
 a - a +0 mace
 n - a +1 vampiric dagger
 s - a +0 giant club (weapon)
 E - a +4 dagger
 K - a +1 whip of holy wrath
 M - a +5 flail
Missiles
 d - 98 sling bullets
 e - 179 stones (quivered)
 m - 5 atropa-tipped darts
 y - 102 arrows
 z - 6 poisoned darts
 C - 6 datura-tipped darts
 L - 6 boomerangs
 N - 23 bolts
Armour
 b - a +0 robe (worn)
 x - a +1 hat (worn)
Jewellery
 g - a ring of ice
 r - a ring of see invisible (left claw)
 H - a +4 ring of evasion (right claw)
Wands
 v - a wand of flame (22)
 J - a wand of mindburst (14)
 P - a wand of acid (14)
Scrolls
 c - 2 scrolls of enchant weapon
 h - a scroll of teleportation
 i - a scroll of fog
 j - a scroll of magic mapping
 p - 2 scrolls of fear
 A - a scroll of enchant armour
 D - a scroll of vulnerability
 F - 2 scrolls of blinking
 I - a scroll of holy word
 O - a scroll of immolation
Potions
 f - 5 potions of curing {unknown}
 k - 3 potions of might {unknown}
 l - 2 potions of attraction {unknown}
 o - a potion of brilliance
 q - 2 potions of resistance {unknown}
 t - 4 potions of mutation {unknown}
 u - a potion of degeneration {unknown}
 w - a potion of heal wounds {unknown}
 B - a potion of flight {unknown}
 G - a potion of haste {unknown}


   Skills:
 + Level 5.5 Fighting
 + Level 9.8 Maces & Flails
 + Level 5.5 Dodging
 + Level 2.6 Stealth


You had 8 spell levels left.
You didn't know any spells.
Your spell library contained the following spells:

 Spells                   Type           Power      Damage    Failure   Level
 Beastly Appendage        Tmut           0%         N/A       45%         1
 Ensorcelled Hibernation  Hex/Ice        0%         N/A       58%         2
 Passwall                 Tmut/Erth      0%         N/A       58%         2
 Wereblood                Tmut           0%         N/A       58%         2
 Spider Form              Tmut/Pois      0%         N/A       83%         3
 Swiftness                Air            0%         N/A       83%         3
 Fireball                 Conj/Fire      0%         3d3       100%        5
 Starburst                Conj/Fire      0%         6d3       100%        6
 Ignition                 Fire           0%         3d3       100%        8


Dungeon Overview and Level Annotations

Branches:
Dungeon (9/15)             Temple (1/1) D:7
   Lair: D:8-11         Orc: D:9-12

Altars:
Cheibriados
Elyvilon
Fedhas
Gozag
Hepliaklqana
Kikubaaqudgha
Makhleb
Nemelex Xobeh
Okawaru
Qazlal
Ru
Sif Muna
Trog
Uskayaw
Vehumet
Wu Jian
Xom
Yredelemnul
The Shining One

Shops:
D:4 *   D:5 *:==*


Innate Abilities, Weirdness & Mutations

Your life essence is reduced to manifest your ancestor. (-10% HP)
You are too large for most types of armour.
You have claws for hands.
Your natural rate of healing is unusually fast.
You are covered in fur. (AC +1)
You have tough skin. (AC +1)


Message History

The killer bee poisons you!
You barely miss the killer bee.
You feel very sick.
The killer bee closely misses you. x2; The killer bee misses you.
The killer bee stings you!
You are more poisoned.
The killer bee poisons you! The killer bee barely misses you.
You miss the killer bee.
You feel very sick. The killer bee completely misses you.
The killer bee misses you. x2
The killer bee stings you!
You are more poisoned.
The killer bee poisons you!
You completely miss the killer bee.
You feel extremely sick. The killer bee misses you.
The killer bee barely misses you. The killer bee closely misses you.
The killer bee barely misses you.
You feel very sick.
You feel very sick.
The killer bee stings you but does no damage.
You feel very sick. The killer bee closely misses you.
As you read the scroll of teleportation, it crumbles to dust.
You feel strangely unstable.
You feel sick. The killer bee misses you. The killer bee stings you.
* * * LOW HITPOINT WARNING * * *
The killer bee stings you but does no damage.
The killer bee barely misses you.
You feel sick. The killer bee barely misses you.
You feel sick. The killer bee misses you.
Your surroundings seem slightly different.
You feel sick.
You feel sick.
You feel sick.
You feel sick.
Unknown command.
You feel sick.
You are no longer poisoned.
The killer bee stings you.
You die...

..........#...#.##
......#####...#.# ......#
#....#.# ......## #......#
.#..#..###....### .#.>........#.#
...##.........####### #####
..#####.#......y....# #.... ..#
#........y@.#.# #....
..######..#.#####.#.#########....
..........#.# #......[.........
........).#.#########..[.........
<...........................<....
.................................
........####..##.................
........# ##...._...............
.......## ###..................


You could see 2 killer bees.

Vanquished Creatures
  Sigmund (D:4)
  3 yaks
  2 water moccasins (D:6)
  An orc warrior (D:8)
  A sky beast (D:6)
  4 ogres
  2 centaurs
  Blork the orc (D:4)
  A kobold brigand (D:6)
  2 bullfrogs (D:6)
  A scorpion (D:6)
  A water moccasin skeleton (D:4)
  A wight (D:8)
  2 killer bees (D:8)
  A howler monkey (D:6)
  A bullfrog zombie (D:6)
  3 hounds
  A jelly (D:7)
  A bullfrog skeleton (D:5)
  A centaur skeleton (D:5)
  2 orc priests
  Jessica (D:3)
  An iguana (D:7)
  An orc wizard (D:6)
  A killer bee zombie (D:5)
  A hound skeleton (D:5)
  A howler monkey zombie (D:8)
  Robin (D:2)
  8 adders
  8 gnolls
  An adder skeleton (D:4)
  2 worms
  2 dart slugs
  17 orcs
  10 ball pythons
  5 endoplasms
  6 giant cockroaches
  15 goblins
  10 hobgoblins
  4 jackals (D:5)
  10 kobolds
  A quokka (D:2)
  7 bats
  2 frilled lizards
  6 rats
154 creatures vanquished.

Vanquished Creatures (collateral kills)
  2 yaks
  A water moccasin zombie (D:7)
  4 killer bees
  2 wights (D:8)
  An orc priest (D:8)
  A centaur skeleton (D:7)
  A white imp (D:8)
  An orc (D:8)
13 creatures vanquished.

Vanquished Creatures (others)
  A battlemage (D:8)
  2 plants
3 creatures vanquished.

Grand Total: 170 creatures vanquished

Notes
Turn   | Place    | Note
-------+----------+-------------------------------------------
     0 | D:1      | issech the Troll Monk began the quest for the Orb.
     0 | D:1      | Reached XP level 1. HP: 22/22 MP: 0/0
    38 | D:1      | You fall into a shaft and drop 1 floor!
    85 | D:2      | Reached XP level 2. HP: 21/29 MP: 1/1
   119 | D:2      | Reached skill level 3 in Maces & Flails
   295 | D:1      | Noticed an eye of devastation
   298 | D:1      | Found a faded altar of an unknown god.
   301 | D:1      | Noticed an eye of devastation
   315 | D:1      | Noticed a floating eye
   371 | D:1      | Noticed a shining eye
   424 | D:1      | Reached XP level 3. HP: 36/36 MP: 2/2
  1362 | D:2      | Reached XP level 4. HP: 44/44 MP: 3/3
  1519 | D:3      | Noticed Robin
  1531 | D:2      | Killed Robin
  1552 | D:3      | Noticed Jessica
  1624 | D:3      | Killed Jessica
  1685 | D:3      | Noticed an ogre
  1843 | D:3      | Reached XP level 5. HP: 52/53 MP: 4/4
  1933 | D:3      | Reached skill level 4 in Maces & Flails
  2547 | D:4      | Found Pychux's General Store.
  2547 | D:4      | Noticed Sigmund
  2707 | D:4      | Killed Sigmund
  2708 | D:4      | Reached XP level 6. HP: 37/61 MP: 5/5
  2804 | D:4      | Found an iron altar of Okawaru.
  2920 | D:4      | Reached skill level 5 in Maces & Flails
  3115 | D:4      | Reached XP level 7. HP: 67/68 MP: 6/6
  3172 | D:4      | Noticed Blork the orc
  3188 | D:4      | Killed Blork the orc
  3528 | D:4      | Bought a scroll of identify for 20 gold pieces
  3528 | D:4      | Bought a scroll of identify for 20 gold pieces
  3585 | D:5      | Entered Level 5 of the Dungeon
  3585 | D:5      | Found Louhav's General Store.
  3864 | D:2      | Reached skill level 6 in Maces & Flails
  3941 | D:5      | Found Loatus's Book Emporium.
  3983 | D:5      | Found Lieth's Jewellery Boutique.
  4351 | D:5      | Found Civeusu's Jewellery Shop.
  4362 | D:5      | Found Paxt's General Store.
  4524 | D:5      | Found an ornate altar of the Wu Jian Council.
  4713 | D:6      | Reached XP level 8. HP: 39/78 MP: 7/7
  4916 | D:6      | Found an opulent altar of Gozag.
  4934 | D:6      | Reached skill level 7 in Maces & Flails
  5609 | D:7      | Found a stormy altar of Qazlal.
  5746 | D:6      | Reached skill level 8 in Maces & Flails
  5874 | D:7      | Found a hazy altar of Hepliaklqana.
  5876 | D:7      | Found a shimmering altar of Xom.
  5877 | D:7      | Noticed a spectral ugly thing
  5877 | D:7      | Noticed a red ugly thing
  5881 | D:7      | Became a worshipper of Hepliaklqana the Forgotten
  5881 | D:7      | Reached * piety under Hepliaklqana
  5881 | D:7      | Reached ** piety under Hepliaklqana
  5882 | D:7      | Remembered your ancestor Octavius as a battlemage
  5982 | D:7      | Found a burning altar of Makhleb.
  6169 | D:7      | Found a staircase to the Ecumenical Temple.
  6187 | D:7      | Reached skill level 5 in Dodging
  6586 | D:7      | Reached XP level 9. HP: 55/76 MP: 8/8
  7228 | Temple   | Entered the Ecumenical Temple
  7364 | D:8      | Found a blossoming altar of Fedhas.
  7370 | D:8      | Found a snail-covered altar of Cheibriados.
  7463 | D:8      | Reached skill level 9 in Maces & Flails
  7466 | D:8      | Reached skill level 5 in Fighting
  8152 | D:8      | HP: 3/79 [poisoned by a killer bee]
  8157 | D:8      | HP: 3/79 [poisoned by a killer bee]
  8157 | D:8      | Slain by a killer bee

Illustrated notes

Levels and vault maps discovered:
D:1:      dpeg_arrival_pits, layout_basic,
          hellmonk_ecumenical_altar_watching_god
D:2:      layout_loops_ring, kennysheep_big_empty_room, due_unseen_surprise
D:3:      layout_rooms, nrook_mini_backslash, grunt_decor_junction, uniq_robin,
          uniq_jessica
D:4:      layout_loops_cross, okawaru_metal_pillars_3, serial_shops,
          nicolae_inconvenience_store, serial_bayou_pond_d, uniq_blork_the_orc,
          uniq_sigmund
D:5:      layout_loops_ring, old_standard_altar, serial_shops,
          nicolae_shop_statue_plus, nicolae_stop_n_shop_2, shop, shop,
          nicolae_shop_hallway_stairs
D:6:      layout_loops_cross, nicolae_overflow_crystal_walls
D:7:      layout_layer_cave, regret_index_temple_of_mockery,
          nicolae_qazlal_general_emergency, mainiacjoe_overflow_alcove_4,
          minmay_temple_entry_antechambers, enter_bailey_8, minmay_liquid_box
D:8:      layout_rooms, grunt_temple_overflow_open
D:9:      minmay_tri_box, layout_irregular_city,
          nicolae_dithmenos_through_a_glass_darkly,
          ashenzari_conservatory_becter,
          mainiacjoe_overflow_concentric_impassable, david_lair_shrubbed,
          library_closet, item_on_display_a
Temple:   cyrus_temple_forest

Skill      XL: |  1  2  3  4  5  6  7  8  9 |
---------------+----------------------------+-----
Maces & Flails | 3 4 5 6 8 9 |  9.8
Dodging        | 3 4 5 |  5.5
Fighting       | 3 4 5 |  5.5
Stealth        | 2 |  2.6

Action                   |  1- 3 |  4- 6 |  7- 9 || total
-------------------------+-------+-------+-------++-------
Melee: Mace              |   130 |   186 |       ||   316
       Punch             |     2 |     3 |       ||     5
       Giant club        |       |     9 |   218 ||   227
Invok: Ancestor Life: Ba |       |       |     1 ||     1
  Use: Scroll            |       |       |    13 ||    13
 Stab: Sleeping          |       |       |     6 ||     6
       Distracted        |       |       |     1 ||     1
Armor: Robe              |    65 |    74 |    89 ||   228
Dodge: Dodged            |    86 |   116 |   217 ||   419
